 Dungeon Crawl Stone Soup version 0.32-a0-656-g3542139ebd (webtiles) character file.

Game seed: 15014177323082848964

912258 Turgor the Petrodigitator (level 27, -6/216 HPs)
             Began as a Mountain Dwarf Fighter on Mar 1, 2024.
             Was a High Priest of Hepliaklqana.
             Mangled by an apis (22 damage)
             ... in Pandemonium on Mar 8, 2024.
             The game lasted 12:41:56 (83995 turns).

Turgor the Petrodigitator (Mountain Dwarf Fighter) Turns: 83995, Time: 12:41:57

Health: -6/216     AC: 26    Str: 34    XL:     27
Magic:  4/55       EV: 18    Int: 22    God:    Hepliaklqana [*****.]
Gold:   6221       SH: 12    Dex: 19    Spells: 7/64 levels left

rFire   + . .        c - +9 broad axe of Valour {freeze, rF- rN+ MP+9 Str+5}
rCold   + + +        S - +3 warlock's mirror {omnireflect}
rNeg    + + +        L - +4 robe of Mumblety Peg {rElec rPois Str+5 Archmagi}
rPois   +            b - +2 hat of Monotheism {rC+ Int+2 Dex+4}
rElec   +            Z - +2 cloak {rCorr}
rCorr   +            t - +2 pair of gloves "Qyusmum" {rN+ Str+4}
SInv    .            i - +2 pair of boots {rampage}
Will    ++...        E - amulet of regeneration
Stlth   ++           A - ring of protection from fire
HPRegen 1.36/turn    B - ring "Zafafipt" {rC+ rN+ Dex+2}
MPRegen 0.34/turn

%: reflection, clarity, rampage, archmagi
@: resistant, studying 4 skills
A: reduced essence, runic magic, artefact enchanting, iridescent scales 3, agile
1, clarity, inability to read after injury 1
}: 8/15 runes: decaying, slimy, silver, abyssal, demonic, glowing, dark,
gossamer
a: Renounce Religion, Recall Ancestor, Ancestor Identity, Transference, Idealise


You were in Pandemonium.
You worshipped Hepliaklqana.
Hepliaklqana was extremely pleased with you.
You visited 12 branches of the dungeon, and saw 55 of its levels.
You visited Pandemonium 2 times, and saw 7 of its levels.
You visited the Abyss 9 times.
You visited 1 bazaar.

You collected 12274 gold pieces.
You spent 6053 gold pieces at shops.

Inventory:

Hand Weapons
 c - the +9 broad axe of Valour (weapon) {freeze, rF- rN+ MP+9 Str+5}
   (You acquired it on level 1 of the Lair of Beasts)

   Str+5:     It affects your strength (+5).
   rF-:       It makes you vulnerable to fire.
   rN+:       It protects you from negative energy.
   MP+9:      It affects your magic capacity (+9).
Missiles
 j - 14 silver javelins
Armour
 b - the +2 hat of Monotheism (worn) {rC+ Int+2 Dex+4}
   (You found it on level 10 of the Dungeon)

   Int+2:     It affects your intelligence (+2).
   Dex+4:     It affects your dexterity (+4).
   rC+:       It protects you from cold.
 i - a +2 pair of boots of rampaging (worn)
 t - the +2 pair of gloves "Qyusmum" (worn) {rN+ Str+4}
   (You acquired it on level 3 of the Swamp)

   Str+4:     It affects your strength (+4).
   rN+:       It protects you from negative energy.
 y - the +6 tower shield of Defiance {rF+ rC+}
   (You took it off a daeva in Pandemonium)

   rF+:       It protects you from fire.
   rC+:       It protects you from cold.
 D - +2 fire dragon scales
 L - the +4 robe of Mumblety Peg (worn) {rElec rPois Str+5 Archmagi}
   (You took it off Boris on level 1 of the Depths)

   Str+5:     It affects your strength (+5).
   rElec:     It insulates you from electricity.
   rPois:     It protects you from poison.
   Archmagi:  It increases the power of your magical spells.
 S - the +3 warlock's mirror (worn) {omnireflect}
   (You bought it in a shop on level 3 of the Vaults)

   Omnireflect: It can block and reflect piercing ranged attacks and magical
   attacks against the wielder's willpower.
 Z - a +2 cloak of preservation (worn)
Magical Staves
 z - the staff "Impbane" {Fly rPois Earth Alchemy}
   (You found it on level 3 of the Crypt)

   [staff of alchemy]

   Base accuracy: +5 Base damage: 5 Base attack delay: 1.2 This weapon's minimum
   attack delay (0.6) is reached at skill level 12.
   rPois:     It protects you from poison.
   Fly:       It grants you flight.
   Earth:     It increases the power of your Earth spells.
   Alchemy:   It increases the power of your Alchemy spells.
   It falls into the 'Staves' category.
   It is a one-handed weapon.
Jewellery
 k - the ring "Ciugos" {Will+ rCorr Dex+2}
   (You found it on level 4 of the Realm of Zot)

   [ring of resist corrosion]

   Dex+2:     It affects your dexterity (+2).
   Will+:     It increases your willpower.
   rCorr:     It protects you from acid and corrosion.
 m - the amulet of Due Proportion {Will+ RegenMP+ Dex+3}
   (You found it on level 3 of the Crypt)

   [amulet of magic regeneration]

   It increases your rate of magic regeneration.
   Dex+3:     It affects your dexterity (+3).
   Will+:     It increases your willpower.
   RegenMP+:  It increases your rate of magic regeneration.
 A - a ring of protection from fire (left hand)
 B - the ring "Zafafipt" (right hand) {rC+ rN+ Dex+2}
   (You took it off a vault warden on level 1 of the Vaults)

   [ring of positive energy]

   Dex+2:     It affects your dexterity (+2).
   rC+:       It protects you from cold.
   rN+:       It protects you from negative energy.
 E - an amulet of regeneration (around neck)
 Q - a ring of protection from fire
 W - the amulet of the Failed Coup {Reflect rN++ SH+5}
   (You acquired it on level 4 of the Lair of Beasts)

   [amulet of reflection]

   Reflect:   It reflects blocked missile attacks.
   rN++:      It greatly protects you from negative energy.
   SH+5:      It affects your SH (+5).
 Y - a ring of see invisible
Talismans
 f - a talisman of death
Wands
 r - a wand of warping (31)
 u - a wand of mindburst (49)
 x - a wand of digging (21)
 H - a wand of charming (38)
 M - a wand of light (18)
Scrolls
 e - 7 scrolls of teleportation
 g - 9 scrolls of vulnerability
 l - 5 scrolls of amnesia
 n - 4 scrolls of butterflies
 p - a scroll of enchant weapon
 s - 3 scrolls of silence
 w - 6 scrolls of poison
 I - 4 scrolls of fear
 N - 6 scrolls of revelation
 X - 10 scrolls of fog
Potions
 d - 8 potions of might
 q - 2 potions of enlightenment
 v - 8 potions of curing
 C - a potion of berserk rage
 F - 14 potions of mutation
 J - 6 potions of brilliance
 O - 4 potions of resistance
 P - 4 potions of haste
 R - 6 potions of attraction
 T - 9 potions of cancellation
Miscellaneous
 h - a phial of floods
 o - a lightning rod (2/4)
 K - a phantom mirror (inert)
 U - a condenser vane


   Skills:
 + Level 18.7 Fighting
 - Level 18.0 Axes
 + Level 15.8 Armour
 - Level 10.0 Dodging
 - Level 19.0 Shields
 - Level 19.0 Spellcasting
 + Level 12.8 Conjurations
 - Level 13.0 Necromancy
 - Level 13.0 Translocations
 * Level 7.7 Fire Magic
 O Level 27 Earth Magic
 - Level 13.0 Invocations
 - Level 11.0 Evocations
 - Level 23.0 Shapeshifting


You had 7 spell levels left.
You knew the following spells:

 Your Spells              Type           Power      Damage    Failure   Level
a - Ignition              Fire           35%        3d11      100%        8
b - Blink                 Tloc           100%       N/A       1%          2
c - Borgnjor's Vile Clut  Necr/Erth      52%        N/A       1%          5
d - Lee's Rapid Deconstr  Erth           59%        3d27*     0%          5
e - Stone Arrow           Conj/Erth      100%       3d13      0%          3
g - Passage of Golubria   Tloc           87%        N/A       1%          4
l - Lehudib's Crystal Sp  Conj/Erth      52%        10d12     4%          8
p - Passwall              Erth           100%       N/A       0%          3
s - Shatter               Erth           59%        3d44*     3%          9
x - Bombard               Conj/Erth      52%        9d9       1%          6
z - Manifold Assault      Tloc           87%        N/A       1%          4

Your spell library contained the following spells:

 Spells                   Type           Power      Damage    Failure   Level
 Apportation              Tloc           100%       N/A       0%          1
 Kiss of Death            Conj/Necr      100%       2d13      0%          1
 Magic Dart               Conj           100%       1d8       0%          1
 Necrotise                Necr           100%       1d9       0%          1
 Sandblast                Erth           100%       2d20      0%          1
 Brom's Barrelling Bould  Conj/Erth      100%       2d11      0%          4
 Sting                    Conj/Alch      100%       1d9       1%          1
 Cigotuvi's Dreadful Rot  Necr/Alch/Air  100%       N/A       1%          2
 Lesser Beckoning         Tloc           100%       N/A       1%          2
 Momentum Strike          Conj/Tloc      100%       3d10      1%          2
 Searing Ray              Conj           100%       2d8       1%          2
 Sublimation of Blood     Necr           87%        N/A       1%          2
 Dazzling Flash           Conj/Hex       100%       N/A       1%          3
 Fugue of the Fallen      Necr           87%        N/A       1%          3
 Gell's Gravitas          Tloc           87%        N/A       1%          3
 Hailstorm                Conj/Ice       65%        3d12      1%          3
 Inner Flame              Hex/Fire       54%        N/A       1%          3
 Mephitic Cloud           Conj/Alch/Air  56%        N/A       1%          3
 Teleport Other           Tloc           87%        N/A       1%          3
 Vampiric Draining        Necr           87%        2d12      1%          3
 Volatile Blastmotes      Fire/Tloc      100%       2d18      1%          3
 Anguish                  Hex/Necr       32%        N/A       1%          4
 Animate Armour           Summ/Erth      100%       N/A       1%          4
 Animate Dead             Necr           87%        N/A       1%          4
 Dimensional Bullseye     Hex/Tloc       32%        N/A       1%          4
 Dispel Undead            Necr           87%        3d28      1%          4
 Flame Wave               Conj/Fire      78%        2d17      1%          4
 Iskenderun's Mystic Bla  Conj/Tloc      86%        2d17      1%          4
 Leda's Liquefaction      Alch/Erth      44%        N/A       1%          4
 Martyr's Knell           Necr/Summ      65%        N/A       1%          4
 Petrify                  Alch/Erth      88%        N/A       1%          4
 Vhi's Electric Charge    Tloc/Air       100%       N/A       1%          4
 Curse of Agony           Necr           87%        N/A       1%          5
 Fireball                 Conj/Fire      39%        3d16      1%          5
 Iskenderun's Battlesphe  Conj           86%        2d13      1%          5
 Death Channel            Necr           43%        N/A       1%          6
 Dispersal                Tloc           43%        N/A       1%          6
 Slow                     Hex            100%       N/A       2%          1
 Summon Small Mammal      Summ           100%       N/A       2%          1
 Call Imp                 Summ           62%        N/A       3%          2
 Ensorcelled Hibernation  Hex/Ice        62%        N/A       3%          2
 Jinxbite                 Hex            62%        N/A       3%          2
 Mercury Vapours          Alch/Air       62%        N/A       3%          2
 Ignite Poison            Fire/Alch      54%        N/A       4%          4
 Sticky Flame             Fire/Alch      54%        2d10      4%          4
 Summon Blazeheart Golem  Fire/Summ      54%        N/A       4%          4
 Arcjolt                  Conj/Air       32%        1d42      4%          5
 Irradiate                Conj/Alch      32%        3d22      4%          5
 Summon Forest            Summ/Tloc      32%        N/A       4%          5
 Starburst                Conj/Fire      39%        6d11      5%          6
 Call Canine Familiar     Summ           31%        N/A       8%          3
 Confusing Touch          Hex            31%        N/A       8%          3
 Frozen Ramparts          Ice            62%        1d10      8%          3
 Sigil of Binding         Hex            31%        N/A       8%          3
 Summon Ice Beast         Ice/Summ       31%        N/A       8%          3
 Swiftness                Air            31%        N/A       8%          3
 Tukima's Dance           Hex            31%        N/A       8%          3
 Orb of Destruction       Conj           43%        9d12      11%         7
 Freezing Cloud           Conj/Ice/Air   28%        6-21      12%         5
 Cause Fear               Hex            15%        N/A       24%         4
 Olgreb's Toxic Radiance  Alch           31%        N/A       24%         4
 Summon Lightning Spire   Summ/Air       31%        N/A       24%         4
 Conjure Ball Lightning   Conj/Air       32%        3x3d10    26%         6
 Alistair's Intoxication  Alch           20%        N/A       56%         5
 Metabolic Englaciation   Hex/Ice        15%        N/A       56%         5
 Silence                  Hex/Air        15%        N/A       56%         5
 Summon Mana Viper        Hex/Summ       31%        N/A       56%         5
 Yara's Violent Unravell  Hex/Alch       15%        3d8       56%         5
 Plasma Beam              Fire/Air       27%        2x1d39    61%         6
 Haunt                    Necr/Summ      32%        N/A       82%         7
 Spellforged Servitor     Conj/Summ      32%        N/A       83%         7
 Eringya's Noxious Bog    Alch           15%        4d6       98%         6
 Sculpt Simulacrum        Ice/Alch       15%        N/A       98%         6
 Enfeeble                 Hex            15%        N/A       100%        7
 Monstrous Menagerie      Summ           15%        N/A       100%        7
 Ozocubu's Refrigeration  Ice            15%        4d10      100%        7
 Summon Hydra             Summ           15%        N/A       100%        7
 Disjunction              Tloc           43%        N/A       61%         8
 Infestation              Necr           43%        N/A       61%         8
 Discord                  Hex            15%        N/A       100%        8
 Maxwell's Capacitive Co  Air            15%        ∞         100%        8
 Chain Lightning          Conj/Air       32%        3d43      100%        9
 Dragon's Call            Summ           15%        N/A       100%        9
 Fire Storm               Conj/Fire      39%        8d10      100%        9
 Polar Vortex             Ice            15%        12d2*     100%        9


Dungeon Overview and Level Annotations

Branches:
Dungeon (15/15)            Temple (0/1) D:7            Lair (5/5) D:8
  Swamp (4/4) Lair:3       Spider (4/4) Lair:2        Slime (5/5) Lair:5
    Orc (2/2) D:12            Elf (3/3) Orc:2        Vaults (5/5) D:14
  Crypt (3/3) Vaults:2       Tomb (0/3) Crypt:3      Depths (4/4) D:15
   Hell (visited)             Dis (0/7) Hell            Geh (0/7) Hell
    Coc (0/7) Hell            Tar (0/7) Hell            Zot (4/5) Depths:4

Altars:
Cheibriados
Dithmenos
Fedhas
Hepliaklqana
Kikubaaqudgha
Okawaru
Qazlal
Sif Muna
Vehumet
Wu Jian
Xom
Yredelemnul
The Shining One
Beogh
Jiyva

Shops:
D:2 *   D:4 (   D:5 :   Orc:2 *(([(   Elf:3 (   Vaults:2 =   Vaults:3 [
Depths:1 *[   Depths:2 ?!   Depths:3 ::(!

Portals:
Hell: Depths:1 Depths:2 Depths:3 Depths:4
Abyss: Depths:3
Pandemonium: Depths:1 Depths:2 Depths:3
Ziggurat: Depths:4

Annotations:
Depths:3 1 runed translucent door
Zot:3 2 transporters


Innate Abilities, Weirdness & Mutations

Your life essence is reduced to manifest your ancestor. (-10% HP)
Your spellcasting is much less encumbered by armour.
You can use scrolls of enchantment on lesser artefacts.
You are completely covered in iridescent scales. (AC +6)
You are agile. (Dex +4, Str/Int -1)
You possess an exceptional clarity of mind.
You occasionally lose the ability to read scrolls when taking damage.


Message History

* * * LOW HITPOINT WARNING * * *
The angel hits you with a +2 sacred scourge of holy wrath!!
* * * LOW HITPOINT WARNING * * *
Unknown command.
Unknown command.
Unknown command.
Casting: Blink (safe; 1% risk of failure)
Confirm with . or Enter, or press ? or * to list all spells.
You are still too unstable to blink.
You feel much better.
Tirgar mumbles some strange words.
The cherub resists with almost no effort.
The angel resists with almost no effort.
The ophan appears confused.
The angel hits you with a +2 sacred scourge of holy wrath.
* * * LOW HITPOINT WARNING * * *
The angel hits you with a +2 sacred scourge of holy wrath!
* * * LOW HITPOINT WARNING * * *
The cherub hits Tirgar but does no damage.
The cherub pecks Tirgar but does no damage.
Tirgar barely misses the cherub.
Tirgar hits the cherub but does no damage.
You feel better.
Your surroundings suddenly seem different. 4 apis come into view.
Found nine items.
Found a gate leading to another region of Pandemonium.
You feel ready to blink again. You block the apis's attack.
The apis gores you but does no damage.
Unknown command.
Unknown command.
Tirgar is recalled.
The apis gores you but does no damage. You block the apis's attack.
Unknown command.
Unknown command.
You feel better. The apis gores you!
* * * LOW HITPOINT WARNING * * *
The apis gores you!!
You die...
Hepliaklqana delivers you to your ancestors.

*** ***** **,*** *!!!*
***,,,,** *(..*
**,,,,,,* ###'###
,,,,,,,,*** #..Y..#*##
,,,,~~,,,,####.....#?!#
,,,,~~~,,,,'.......'∩!*
~~,,,,,,,,,**#..RY.#,,*
~~~,,,,,,*** #.Y@Y.#***
~~~,,,,*** ###'###
~~~~**** *$.[* ~~~~*
#!))# ~~*** ##### ***


You could see the friendly Tirgar the hexer (fast, idealised) and 4 apis.

Vanquished Creatures
  the Royal Jelly (Slime:5)
  Mnoleg (Pan)
  A seraph (Pan)
  2 dread liches
  Frederick (Vaults:3)
  2 ancient liches
  Sojobo (Crypt:2)
  Josephina (Depths:3)
  Boris (twice) (Depths:1 Depths:3)
  The ghost of Utaosmarr the Slayer, a legendary GrFi of Okawaru (Zot:3)
  A curse toe (Zot:3)
  10 golden dragons
  A profane servitor (Abyss:2)
  3 pearl dragons
  5 bone dragons
  2 Tzitzimimeh (Depths:1)
  An electric golem (Zot:3)
  A shard shrike zombie (Abyss:4)
  18 tentacled monstrosities
  A Brimstone Fiend (Pan)
  2 walking earthen tomes
  3 Ice Fiends (Pan)
  2 Hell Sentinels (Pan)
  4 walking crystal tomes
  17 liches
  Jorgrun (Swamp:3)
  6 titans (Vaults:5)
  A walking divine tome (Depths:4)
  A walking frostbound tome (Depths:4)
  Asterion (Spider:3)
  2 deep elf master archers (Elf:3)
  A deep elf blademaster (Elf:2)
  A kraken (Abyss:3)
  4 ancient champions
  2 quicksilver dragons
  2 sphinxes
  2 pandemonium lords (Pan)
  15 acid blobs
  19 tentacled starspawn
  8 death cobs
  16 Executioners (Pan)
  Roxanne (Spider:3)
  Donald (Swamp:3)
  8 shadow dragons
  7 tengu reavers
  4 storm dragons
  6 rockslimes
  A revenant (Crypt:1)
  6 azure jellies
  8 frost giants
  2 draconian knights
  3 protean progenitors
  7 draconian monks
  2 demonspawn warmongers (Pan)
  15 vault wardens
  2 iron dragons
  7 fire giants
  10 daevas
  2 emperor scorpions (Spider:4)
  3 draconian scorchers
  11 deep elf sorcerers
  5 draconian shifters
  3 ghost moths
  3 balrugs
  Louise (Swamp:3)
  15 angels
  6 draconian annihilators
  5 deep elf elementalists (Elf:3)
  A caustic shrike zombie (Abyss:5)
  15 reapers
  2 demonspawn corrupters (Pan)
  A draconian stormcaller (Zot:1)
  An orc warlord (Vaults:3)
  3 curse skulls
  11 cacodemons
  8 formless jellyfish
  19 very ugly things
  13 ironbound preservers
  14 apis (Pan)
  7 stone giants
  A broodmother (Spider:3)
  3 caustic shrike skeletons
  A demonspawn blood saint (Pan)
  3 juggernaut skeletons (Pan)
  3 ironbound thunderhulks
  3 quicksilver oozes (Slime:5)
  7 deep elf death magi
  4 ophanim (Pan)
  9 vampire knights
  Nessos (Lair:4)
  12 black draconians
  6 green draconians
  4 eleionomae
  3 demonspawn black suns (Pan)
  8 red draconians
  9 spark wasps
  2 deep elf demonologists
  4 white draconians
  6 war gargoyles
  12 purple draconians
  8 dire elephants
  4 bunyips
  11 deep elf annihilators
  13 yellow draconians
  9 blizzard demons
  6 eidola
  3 iron golems (Hell)
  A green death (Abyss:3)
  12 ettins
  9 deep elf high priests
  A crystal guardian (Vaults:1)
  9 yaktaur captains
  9 entropy weavers
  2 shambling mangroves (Swamp:4)
  21 jiangshi
  9 fire dragons
  38 vault guards
  A spriggan zombie (Abyss:3)
  5 rakshasas
  9 great orbs of eyes
  A catoblepas (Lair:5)
  3 ice dragons
  18 hydras
  4 ogre magi
  A spriggan air mage (Swamp:4)
  A peacekeeper (Vaults:1)
  A salamander tyrant (Depths:1)
  11 alligators
  7 ironbound frosthearts
  11 death knights
  4 hell beasts
  7 boulder beetles
  4 radroaches
  11 two-headed ogres
  An anaconda (Zot:4)
  20 dancing weapons
  A satyr (Abyss:3)
  5 deep troll shamans
  7 centaur warriors
  6 hell hogs
  19 demonic crawlers
  4 vampire magi
  A tengu warrior (Depths:3)
  21 hell knights
  A naga warrior (Abyss:3)
  7 deep troll earth magi
  32 thrashing horrors
  2 orc high priests (Orc:2)
  3 hellephant skeletons (Pan)
  3 occultists (Depths:2)
  2 spriggan berserkers
  21 soul eaters
  12 sun demons
  11 deep elf knights
  A skyshark (Pan)
  The ghost of Skimidon the Fighter, a novice VSFi of Gozag (D:6)
  10 spriggans
  5 iron trolls
  24 skeletal warriors
  11 wretched stars
  A fire crab (Lair:5)
  8 pharaoh ants
  The ghost of Torious the Nimble, a novice DECj of Sif Muna (D:10)
  A shadow wraith (Crypt:2)
  3 goliath frogs
  50 deep trolls
  12 sixfirhies
  9 cherubim (Pan)
  A glowing orange brain (shapeshifter) (Vaults:5)
  An anaconda zombie (Hell)
  A death drake (Swamp:4)
  12 swamp dragons
  A sea snake (shapeshifter) (Depths:2)
  8 shadow demons (Pan)
  3 orange crystal statues
  A spriggan druid (Swamp:1)
  8 flayed ghosts
  14 ironbound convokers
  7 bog bodies
  5 glowing orange brains
  A mana viper (shapeshifter) (Vaults:5)
  4 arcanists
  12 orb spiders
  2 elf zombies (Elf:3)
  10 deep elf archers
  3 orc knights
  18 phantasmal warriors
  17 necromancers
  8 steelbarb worms
  3 thermic dynamos (Elf:1)
  56 large abominations
  An iron dragon zombie (Hell)
  23 ugly things
  20 deep elf pyromancers
  11 lindwurms
  19 deep elf zephyrmancers
  17 wolf spiders
  4 shining eyes
  A cyclops (shapeshifter) (Depths:2)
  10 worldbinders
  A faun (shapeshifter) (Depths:4)
  A salamander (Abyss:3)
  3 orc sorcerers (Orc:2)
  A fire giant zombie (Vaults:2)
  5 cyclopes
  A manticore (shapeshifter) (Abyss:3)
  A steelbarb worm (shapeshifter) (Vaults:5)
  20 moths of wrath
  4 will-o-the-wisps
  3 manticores
  16 meliai
  2 elephants (Abyss:3)
  A shadow dragon skeleton (Crypt:2)
  A stone giant skeleton (Crypt:1)
  9 black mambas
  6 kobold blastminers (Orc:2)
  A titan simulacrum (Depths:3)
  2 guardian serpents
  15 vault sentinels
  7 rust devils
  A dire elephant zombie (Hell)
  2 ice statues (Hell)
  2 centaur zombies
  2 human skeletons (Vaults:2)
  3 apocalypse crabs
  36 smoke demons
  A naga mage (Abyss:3)
  A water nymph (Abyss:3)
  5 eyes of devastation
  A torpor snail (shapeshifter) (Vaults:1)
  2 gargoyles (D:14)
  7 orange demons
  9 torpor snails
  A sea snake zombie (Hell)
  A shock serpent skeleton (Crypt:2)
  9 cane toads
  19 hellions
  A dire elephant skeleton (Hell)
  A rime drake (shapeshifter) (Vaults:5)
  A rime drake (Lair:5)
  An unseen horror (D:11)
  An unseen horror (shapeshifter) (Elf:3)
  2 efreet
  22 yaktaurs
  6 tormentors
  A komodo dragon (shapeshifter) (Abyss:3)
  12 ancient zymes
  Jeremiah (D:7)
  Psyche (D:8)
  2 ice devils
  17 freezing wraiths
  2 kobold demonologists (Abyss:2)
  8 komodo dragons
  An anaconda simulacrum (Hell)
  A red devil (Hell)
  3 yaktaur skeletons (Vaults:4)
  2 tengu simulacra (Depths:3)
  A bloated husk (Swamp:1)
  13 hellwings
  6 trolls
  5 polar bears
  16 blink frogs
  14 tyrant leeches
  20 hornets
  16 tarantellas
  2 hydra skeletons (Hell)
  33 raiju
  2 glass eyes
  A moth of wrath zombie (Crypt:1)
  A snapping turtle (Pan)
  4 harpy skeletons
  A centaur simulacrum (D:14)
  18 jumping spiders
  An air elemental (Elf:1)
  3 shadows
  74 slime creatures
  A vampire (D:12)
  4 water elementals
  A culicivora (shapeshifter) (Elf:1)
  13 culicivoras
  14 wyverns
  An ettin skeleton (Crypt:1)
  2 fire elementals (Elf:2)
  13 ynoxinuls
  A naga simulacrum (Abyss:2)
  59 yaks
  19 wraiths
  4 basilisks
  An alligator snapping turtle simulacrum (Hell)
  5 fire bats
  A sea snake simulacrum (Hell)
  2 wargs (Orc:2)
  A basilisk (shapeshifter) (Elf:1)
  21 neqoxecs
  55 redbacks
  Grum (D:9)
  11 vampire mosquitoes
  27 chaos spawn
  Menkaure (D:4)
  A harpy simulacrum (Abyss:4)
  A spatial vortex (Abyss:3)
  7 swamp worms
  A deep troll zombie (Crypt:2)
  A swamp worm (shapeshifter) (Vaults:1)
  An acid dragon (shapeshifter) (Elf:1)
  A water moccasin (shapeshifter) (Elf:1)
  An acid dragon (D:7)
  16 water moccasins
  19 orc warriors
  5 swamp drakes
  2 hell hounds (Abyss:3)
  An ettin simulacrum (Crypt:3)
  4 black bears
  3 ice beasts
  A human zombie (Vaults:2)
  A dream sheep zombie (Crypt:2)
  12 ogres
  52 laughing skulls
  A black mamba simulacrum (Abyss:3)
  A tengu (shapeshifter) (D:15)
  20 wolves
  8 boggarts
  7 centaurs
  A blink frog skeleton (Crypt:1)
  6 brain worms
  2 kobold brigands
  3 weeping skulls
  2 gnoll sergeants
  9 bullfrogs
  3 earth elementals
  An elf skeleton (Crypt:2)
  22 small abominations
  2 scorpions
  13 wights
  3 burial acolytes (Crypt:3)
  2 human simulacra (Vaults:4)
  16 killer bees
  8 electric eels
  6 howler monkeys
  A bombardier beetle (D:12)
  5 quasits
  A gnoll bouda (D:6)
  8 orc priests
  Crazy Yiuf (D:2)
  8 hounds
  8 jellies
  2 sleepcaps (D:5)
  56 starcursed masses
  5 iron imps
  4 hell rats (Lair:4)
  9 hexers
  5 iguanas
  27 orc wizards
  Terence (D:3)
  8 adders
  12 gnolls
  2 shadow imps
  8 white imps
  8 ufetubi
  An iguana skeleton (Crypt:2)
  4 dart slugs
  65 orcs
  A bat zombie (Crypt:2)
  5 endoplasms
  4 giant cockroaches
  5 goblins
  7 hobgoblins
  7 kobolds
  6 quokkas
  2 training dummies (Orc:2)
  8 ball pythons
  A bat (D:1)
  A frilled lizard (D:1)
  A rat zombie (Crypt:1)
  3 aspiring fleshes (Pan)
  A creeping inferno (Hell)
  A fire vortex (Hell)
  5 lurking horrors
  4 spectral weapons
  17 starspawn tentacles
  7 tentacles (Abyss:3)
2766 creatures vanquished.

Vanquished Creatures (collateral kills)
  Gloorx Vloq (Pan)
  A dread lich (Zot:3)
  An orb of fire (Zot:4)
  The ghost of Cyqimiab the Merfolkian Porcupine, a legendary MfGl of Ru (Zot:2)
  The ghost of wilo the Conqueror, a master MfBe of Trog (Zot:3)
  A curse toe (Zot:1)
  Geryon (Hell)
  5 golden dragons
  2 profane servitors
  5 bone dragons
  An electric golem (Zot:4)
  2 Hell Sentinels
  A hellephant (Pan)
  6 tentacled monstrosities
  An Ice Fiend (Pan)
  A walking earthen tome (Depths:4)
  A titan (Vaults:5)
  A quicksilver dragon (Zot:3)
  5 liches
  2 acid blobs (Slime:5)
  7 tentacled starspawn
  A death cob (Zot:3)
  5 Executioners (Pan)
  3 tengu reavers
  Gastronok (Lair:3)
  6 shadow dragons
  Aizul (Spider:3)
  5 storm dragons (Zot:3)
  2 protean progenitors (Pan)
  A demonspawn warmonger (Pan)
  7 daevas
  4 azure jellies
  2 draconian shifters
  2 revenants
  2 draconian monks
  A rockslime (Slime:5)
  A fire giant (Vaults:5)
  An iron dragon (Vaults:5)
  4 draconian knights
  A fenstrider witch (Swamp:3)
  3 deep elf sorcerers
  4 ghost moths
  A frost giant (Depths:3)
  A draconian scorcher (Zot:4)
  4 cacodemons (Pan)
  3 vault wardens
  A deep elf elementalist (Elf:3)
  A caustic shrike zombie (Abyss:2)
  4 stone giants
  3 demonspawn corrupters (Pan)
  An orc warlord (Orc:2)
  3 reapers (Pan)
  10 angels (Pan)
  An ironbound preserver (Vaults:4)
  5 ophanim (Pan)
  2 demonspawn blood saints (Pan)
  A ghoul (Crypt:3)
  An ironbound thunderhulk (Vaults:3)
  2 caustic shrike skeletons (Pan)
  8 very ugly things
  3 juggernaut skeletons
  2 vampire knights
  3 quicksilver oozes (Slime:5)
  2 deep elf annihilators (Elf:3)
  4 green draconians
  4 dire elephants
  3 red draconians (Zot:4)
  7 apis (Pan)
  A deep elf demonologist (Abyss:3)
  The ghost of Notanamesir the Slicer, a journeyman CoBr of Dithmenos (Lair:5)
  2 yellow draconians
  A demonspawn black sun (Pan)
  2 deep elf death magi (Elf:3)
  4 black draconians
  3 purple draconians
  2 white draconians
  2 lorocyprocas
  3 spark wasps
  An eidolon (Crypt:1)
  3 ettins
  2 fire dragons
  A green death (Pan)
  3 jiangshi
  2 blizzard demons
  A shambling mangrove (Abyss:3)
  2 entropy weavers (Spider:4)
  A spectral spriggan (Crypt:3)
  3 deep elf high priests (Elf:3)
  2 yaktaur captains
  2 great orbs of eyes
  6 rakshasas
  2 spriggan zombies
  2 vault guards (Vaults:3)
  An ice dragon (Depths:4)
  2 spriggan air magi
  2 alligators
  3 ironbound frosthearts
  7 hydras
  An ogre mage (D:15)
  Erica (D:8)
  5 dancing weapons
  2 two-headed ogres
  2 catoblepae (Lair:5)
  2 anacondas (Zot:4)
  A satyr (Abyss:3)
  A deep troll shaman (Depths:4)
  2 demonic crawlers
  3 centaur warriors
  5 boulder beetles
  A spriggan berserker (Depths:1)
  Nergalle (Lair:3)
  14 thrashing horrors
  3 deep elf knights (Elf:2)
  10 soul eaters
  5 vampire magi
  3 sun demons (Pan)
  An iron troll (Depths:3)
  An occultist (Depths:1)
  2 skysharks (Pan)
  7 skeletal warriors
  4 sixfirhies (Pan)
  2 spatial maelstroms (Abyss:3)
  3 hellephant skeletons (Pan)
  3 hell knights
  12 wretched stars
  3 shadow wraiths
  An arcanist (Vaults:4)
  5 cherubim (Pan)
  A spriggan simulacrum (Abyss:2)
  A pharaoh ant (Spider:4)
  3 deep trolls
  4 flayed ghosts
  7 orb spiders
  19 large abominations
  A glowing orange brain (Slime:5)
  A mana viper (Abyss:3)
  4 swamp dragons
  3 shadow demons (Pan)
  2 thermic dynamos (Elf:1)
  A deep elf archer (Elf:3)
  A sun moth (Spider:4)
  An orc knight (D:10)
  3 ironbound convokers
  2 bog bodies
  7 phantasmal warriors
  4 necromancers
  A steelbarb worm (Spider:2)
  A deep elf pyromancer (Elf:2)
  4 wolf spiders
  A shining eye (Slime:2)
  4 deep elf zephyrmancers
  An orc sorcerer (Abyss:3)
  2 cyclopes
  A will-o-the-wisp (Swamp:4)
  An alligator skeleton (Hell)
  2 ugly things
  A fire giant skeleton (Crypt:2)
  3 worldbinders (Abyss:3)
  An iron dragon skeleton (Abyss:3)
  A rust devil (Hell)
  3 meliai (Spider:4)
  6 moths of wrath
  A black mamba (Lair:5)
  2 vault sentinels
  A water nymph (Abyss:3)
  An apocalypse crab (Abyss:3)
  3 cane toads
  2 orange demons (Pan)
  A gargoyle (D:12)
  7 smoke demons
  4 torpor snails
  An eye of devastation (Abyss:3)
  An elf skeleton (Vaults:2)
  4 unseen horrors
  4 freezing wraiths
  A yaktaur (Vaults:4)
  A tormentor (Pan)
  5 ancient zymes
  2 harpy zombies (Crypt:3)
  A queen bee (Spider:1)
  A hydra zombie (Hell)
  14 hornets
  A tyrant leech (Depths:1)
  5 tarantellas
  3 trolls
  4 hellwings (Pan)
  A hydra skeleton (Hell)
  3 blink frogs
  14 raiju
  2 glass eyes
  7 jumping spiders
  3 culicivoras
  22 slime creatures
  A spriggan (shapeshifter) (Elf:2)
  An air elemental (Elf:2)
  5 ynoxinuls
  4 shadows
  An ice dragon skeleton (Crypt:1)
  2 water elementals
  7 wraiths
  16 yaks
  6 spriggans
  A wyvern (Lair:5)
  A wyvern (shapeshifter) (Abyss:3)
  3 basilisks
  2 vampire mosquitoes (Lair:3)
  12 redbacks
  A steam dragon (D:7)
  5 neqoxecs
  6 chaos spawn
  A fire bat zombie (Crypt:1)
  A swamp worm (Swamp:4)
  A water moccasin (Lair:5)
  2 spatial vortices (Abyss:3)
  3 acid dragons
  A hell hound (Abyss:3)
  3 swamp drakes
  10 laughing skulls
  5 orc warriors (Orc:2)
  2 ogres
  12 wolves
  A boggart (Lair:5)
  2 centaurs
  A phantom (D:7)
  A kobold brigand (Abyss:2)
  4 weeping skulls
  A bullfrog (D:7)
  A scorpion (Lair:2)
  7 small abominations
  A burial acolyte (Crypt:3)
  A wight (D:7)
  A water moccasin skeleton (Crypt:1)
  2 killer bees
  An electric eel (Lair:3)
  2 howler monkeys
  2 hounds (D:8)
  2 quasits (Abyss:3)
  2 iron imps (Abyss:3)
  An orc priest (Orc:2)
  15 starcursed masses
  6 orc wizards
  2 white imps (Abyss:3)
  2 ufetubi (Abyss:3)
  A lava snake skeleton (Crypt:1)
  17 orcs
  A training dummy (Orc:2)
  An aspiring flesh (Pan)
  A fire vortex (Hell)
  6 starspawn tentacles
779 creatures vanquished.

Vanquished Creatures (others)
  2 eldritch tentacles (Pan)
  An azure jelly (Slime:5)
  2 rockslimes (Slime:5)
  A fire giant (Depths:2)
  A yellow draconian (Depths:4)
  A blizzard demon (Pan)
  2 fire dragons (Abyss:3)
  A hydra (Swamp:3)
  An ogre mage (Abyss:3)
  An ironbound frostheart (Vaults:3)
  A wretched star (Abyss:3)
  A soul eater (Pan)
  A deep elf zephyrmancer (Elf:2)
  3 deep elf pyromancers
  A black mamba (Lair:5)
  11 elf zombies (Elf:3)
  A titan simulacrum (Depths:3)
  A cane toad (Lair:5)
  A bloated husk (Swamp:2)
  A wraith (Crypt:3)
  3 humans (Depths:2)
  4 fire bats (Abyss:3)
  2 neqoxecs (Pan)
  2 chaos spawn (Abyss:3)
  A sky beast (Abyss:3)
  A quasit (Abyss:2)
  65 hexers
  2 ancestors
  A white imp (Abyss:3)
  2 orcs (Orc:2)
  16 foxfires
  A lurking horror (Abyss:3)
  43 starspawn tentacles
  7 tentacles (Abyss:3)
185 creatures vanquished.

Grand Total: 3730 creatures vanquished

Notes
Turn   | Place    | Note
-------+----------+-------------------------------------------
     0 | D:1      | Turgor the Mountain Dwarf Fighter began the quest for the
                  | Orb.
     0 | D:1      | Reached XP level 1. HP: 19/19 MP: 1/1
   132 | D:1      | Reached XP level 2. HP: 24/26 MP: 2/2
   755 | D:2      | Found a runed translucent door.
   756 | D:2      | Noticed Crazy Yiuf
   857 | D:2      | Reached XP level 3. HP: 28/31 MP: 3/3
   873 | D:2      | Found a shadowy altar of Dithmenos.
   918 | D:2      | Found Yngazom's General Store.
   926 | D:2      | Bought a scroll of teleportation for 42 gold pieces
   947 | D:2      | Found a faded altar of an unknown god.
  1344 | D:3      | Found an ornate altar of the Wu Jian Council.
  1349 | D:3      | Found a radiant altar of Vehumet.
  1478 | D:3      | Noticed Terence
  1487 | D:3      | Killed Terence
  1663 | D:3      | Reached XP level 4. HP: 33/40 MP: 4/4
  1825 | D:3      | Found an iron altar of Okawaru.
  2098 | D:4      | Noticed a scorpion
  2106 | D:4      | Killed a scorpion
  2127 | D:4      | Reached XP level 5. HP: 46/46 MP: 5/5
  2581 | D:4      | Found a hazy altar of Hepliaklqana.
  2584 | D:4      | Found a shimmering blue altar of Sif Muna.
  2676 | D:4      | Reached skill level 5 in Axes
  2678 | D:4      | Became a worshipper of Hepliaklqana the Forgotten
  2907 | D:4      | Found Coattun's Antique Weapon Boutique.
  2915 | D:4      | Noticed Menkaure
  2921 | D:4      | Killed Menkaure
  2922 | D:4      | Reached XP level 6. HP: 11/53 MP: 6/6
  3192 | D:5      | Entered Level 5 of the Dungeon
  3273 | D:5      | Reached skill level 5 in Fighting
  3273 | D:5      | Reached skill level 5 in Shields
  3493 | D:5      | Noticed an ice beast
  3500 | D:5      | Killed an ice beast
  3501 | D:5      | Reached XP level 7. HP: 61/61 MP: 7/7
  3521 | D:5      | Found Xiuroire's Self-Improvement Boutique.
  3681 | D:5      | Learned a level 2 spell: Blink
  4377 | D:6      | Found a basalt altar of Yredelemnul.
  4381 | D:6      | Reached XP level 8. HP: 21/70 MP: 8/8
  4664 | D:6      | Reached * piety under Hepliaklqana
  4852 | D:6      | Found a runed translucent door.
  4852 | D:6      | Noticed Skimidon's ghost (novice VSFi)
  4885 | D:6      | Reached skill level 10 in Axes
  5637 | D:7      | Found a staircase to the Ecumenical Temple.
  5955 | D:7      | Noticed Jeremiah
  5975 | D:7      | Reached ** piety under Hepliaklqana
  6022 | D:7      | Remembered your ancestor Tirgar as a hexer
  6242 | D:7      | Reached XP level 9. HP: 67/67 MP: 9/9
  6476 | D:7      | Killed Jeremiah
  6768 | D:8      | Noticed Psyche
  6781 | D:8      | Killed Psyche
  6782 | D:8      | Noticed a troll
  6803 | D:8      | Reached skill level 15 in Axes
  6886 | D:8      | Noticed Erica
  6986 | D:8      | Killed a troll
  7039 | D:8      | Killed Erica
  7040 | D:8      | Reached XP level 10. HP: 74/74 MP: 10/10
  7142 | D:8      | Found a staircase to the Lair.
  7614 | D:9      | Reached *** piety under Hepliaklqana
  7794 | D:9      | Noticed a manticore
  7795 | D:9      | Noticed Grum
  8000 | D:9      | Reached skill level 5 in Armour
  8049 | D:9      | Killed a manticore
  8050 | D:9      | Reached skill level 1 in Invocations
  8310 | D:9      | Killed Grum
  8390 | D:10     | Entered Level 10 of the Dungeon
  8616 | D:2      | Killed Crazy Yiuf
  8803 | D:10     | Noticed a two-headed ogre
  8812 | D:10     | Killed a two-headed ogre
  8907 | D:10     | Noticed Torious's ghost (novice DECj)
  8917 | D:10     | Found a transporter.
  8917 | D:10     | Noticed a moth of wrath
  8936 | D:10     | Reached XP level 11. HP: 70/84 MP: 13/13
  8998 | D:10     | Found a transporter.
  9158 | D:10     | Found a stormy altar of Qazlal.
  9187 | D:10     | Noticed a two-headed ogre
  9198 | D:10     | Killed a two-headed ogre
  9454 | D:10     | Noticed a two-headed ogre
  9455 | D:10     | Noticed an orc knight
  9506 | D:10     | Reached skill level 5 in Invocations
  9548 | D:10     | Paralysed by a hornet for 1 turns
  9552 | D:10     | Paralysed by a hornet for 3 turns
  9633 | D:11     | Reached **** piety under Hepliaklqana
  9662 | D:11     | Noticed a two-headed ogre
  9671 | D:11     | Killed a two-headed ogre
  9772 | D:11     | Noticed a boulder beetle
  9788 | D:11     | Killed a boulder beetle
 10734 | D:12     | Found a staircase to the Orcish Mines.
 10968 | D:12     | Reached XP level 12. HP: 77/94 MP: 17/17
 11135 | D:12     | Found a snail-covered altar of Cheibriados.
 11364 | D:12     | Noticed a death knight
 11563 | D:12     | Reached ***** piety under Hepliaklqana
 11652 | D:10     | Killed a two-headed ogre
 11653 | D:10     | Reached skill level 10 in Fighting
 11655 | D:10     | Reached skill level 10 in Shields
 11958 | Lair:1   | Entered Level 1 of the Lair of Beasts
 11996 | Lair:1   | Identified a scroll of acquirement
 11996 | Lair:1   | Acquired the +3 broad axe of Valour {freeze, rF- rN+ MP+9
                  | Str+5}
 12902 | Lair:2   | Noticed a five-headed hydra
 12909 | Lair:2   | Killed a five-headed hydra
 13131 | Lair:2   | Found a hole to the Spider Nest.
 13207 | Lair:2   | Noticed a six-headed hydra
 13216 | Lair:2   | Killed a 12-headed hydra
 13304 | Lair:2   | Reached XP level 13. HP: 101/101 MP: 19/19
 13819 | Lair:3   | Noticed Gastronok
 13837 | Lair:3   | Killed Gastronok
 14157 | Lair:3   | Noticed Nergalle
 14163 | Lair:3   | Killed Nergalle
 14240 | Lair:3   | Found a staircase to the Swamp.
 14762 | Lair:4   | Noticed Nessos
 14769 | Lair:4   | Killed Nessos
 14782 | Lair:4   | Acquired the amulet of the Failed Coup {Reflect rN++ SH+5}
 14849 | Lair:4   | You fall into a shaft and drop 1 floor!
 14849 | Lair:5   | Entered Level 5 of the Lair of Beasts
 14849 | Lair:5   | Noticed Notanamesir's ghost (journeyman CoBr)
 14849 | Lair:5   | Found a runed translucent door.
 15037 | Lair:5   | Identified the +4 chain mail "Vokaomm" {Str+4 Int+2}
 15087 | Lair:5   | Reached skill level 10 in Armour
 15154 | Lair:5   | Reached ****** piety under Hepliaklqana
 15168 | Lair:5   | Reached skill level 10 in Invocations
 15364 | Lair:5   | Reached XP level 14. HP: 91/108 MP: 21/21
 15400 | Lair:5   | Paralysed by a hornet for 1 turns
 15407 | Lair:5   | Reached skill level 15 in Shields
 15460 | Lair:5   | Reached XP level 15. HP: 113/113 MP: 22/22
 15554 | Lair:5   | Got an earthy gem with 185 turns to spare
 15882 | Lair:5   | Identified the +0 chain mail "Jutisch" {rF+}
 15947 | Lair:5   | Found a viscous altar of Jiyva.
 16027 | Lair:5   | Reached skill level 1 in Earth Magic
 16189 | Lair:5   | Found a staircase to the Slime Pits.
 16609 | Lair:5   | Killed Notanamesir's ghost
 17138 | D:10     | Learned a level 5 spell: Borgnjor's Vile Clutch
 17138 | D:10     | Upgraded the game from 0.32-a0-558-g233958a4c4 to
                  | 0.32-a0-589-g2d1f746d5d
 17155 | D:10     | Killed Torious's ghost
 17156 | D:10     | Identified the +1 hat of Monotheism {rC+ Int+2 Dex+4}
 17386 | D:6      | Killed Skimidon's ghost
 17574 | Orc:1    | Entered Level 1 of the Orcish Mines
 17697 | Orc:2    | Entered Level 2 of the Orcish Mines
 17698 | Orc:2    | Found a roughly hewn altar of Beogh.
 17703 | Orc:2    | Found a roughly hewn altar of Beogh.
 17705 | Orc:2    | Found Ginapn's Antique Weapon Shop.
 17709 | Orc:2    | Paralysed by an orc sorcerer for 4 turns
 17837 | Orc:2    | Found a roughly hewn altar of Beogh.
 17947 | Orc:2    | Found a staircase to the Elven Halls.
 18086 | Orc:1    | You fall into a shaft and drop 1 floor!
 18369 | Orc:2    | Found a roughly hewn altar of Beogh.
 18582 | Orc:2    | Found a roughly hewn altar of Beogh.
 18586 | Orc:2    | Found Zisuutem's General Store.
 18591 | Orc:2    | Bought a potion of haste for 160 gold pieces
 18591 | Orc:2    | Bought a potion of curing for 48 gold pieces
 18742 | Orc:2    | Found Zaxiun's Firing Range.
 18829 | Orc:2    | Found a roughly hewn altar of Beogh.
 18829 | Orc:2    | Found Utelead's Antique Armour Emporium.
 18832 | Orc:2    | Found Ugiho's Antique Weapon Shoppe.
 18846 | Orc:2    | Bought a pair of embroidered gloves for 270 gold pieces
 18857 | Orc:2    | Bought a glowing cloak for 270 gold pieces
 18942 | Orc:1    | Found a roughly hewn altar of Beogh.
 19715 | D:5      | Bought a manual of Fighting for 1040 gold pieces
 20286 | D:14     | Reached XP level 16. HP: 101/126 MP: 24/24
 20324 | D:14     | Reached skill level 10 in Evocations
 20663 | D:14     | Found a gate to the Vaults.
 21152 | D:15     | Entered Level 15 of the Dungeon
 21350 | D:15     | Found a staircase to the Depths.
 21737 | D:15     | Paralysed by something for 5 turns
 21742 | D:15     | HP: 4/129 [two-headed ogre/+0 giant club (8)]
 21966 | D:15     | Paralysed by an ogre mage for 3 turns
 22571 | D:15     | Found a blossoming altar of Fedhas.
 23016 | Spider:1 | Entered Level 1 of the Spider Nest
 23022 | Spider:1 | Reached skill level 2 in Earth Magic
 23027 | Spider:1 | Reached skill level 1 in Necromancy
 23033 | Spider:1 | Reached skill level 1 in Spellcasting
 23042 | Spider:1 | Reached skill level 3 in Earth Magic
 23172 | Spider:1 | Reached skill level 4 in Earth Magic
 23334 | Spider:1 | Reached skill level 5 in Earth Magic
 23691 | Spider:1 | Reached skill level 15 in Fighting
 23762 | Spider:1 | Reached skill level 6 in Earth Magic
 24042 | Spider:2 | Reached XP level 17. HP: 140/140 MP: 26/26
 24235 | Spider:2 | Reached skill level 7 in Earth Magic
 24609 | Spider:2 | Reached skill level 5 in Necromancy
 24723 | Spider:2 | Reached skill level 8 in Earth Magic
 25361 | Spider:3 | Identified the serpent talisman of Lightning Storm {rN+
                  | rCorr Int+2}
 25361 | Spider:3 | Noticed Aizul
 25374 | Spider:3 | Killed Aizul
 25467 | Spider:3 | Reached skill level 9 in Earth Magic
 25606 | Spider:3 | Noticed Roxanne
 25627 | Spider:3 | Killed Roxanne
 25779 | Spider:3 | Noticed Asterion
 25797 | Spider:3 | Killed Asterion
 25798 | Spider:3 | Reached skill level 5 in Spellcasting
 25893 | Spider:3 | Reached skill level 10 in Earth Magic
 26644 | Spider:4 | Entered Level 4 of the Spider Nest
 26667 | Spider:3 | Learned a level 4 spell: Animate Dead
 26671 | Spider:3 | Learned a level 3 spell: Passwall
 27016 | Spider:4 | Reached skill level 11 in Earth Magic
 27492 | Spider:4 | Reached XP level 18. HP: 103/151 MP: 27/27
 27884 | Spider:4 | Reached skill level 12 in Earth Magic
 28045 | Spider:4 | Got a gossamer rune of Zot
 28289 | Swamp:1  | Entered Level 1 of the Swamp
 28306 | Swamp:1  | Upgraded the game from 0.32-a0-589-g2d1f746d5d to
                  | 0.32-a0-612-g1c984fe9d1
 28657 | Swamp:1  | Learned a level 3 spell: Stone Arrow
 28662 | Swamp:1  | Learned a level 4 spell: Animate Armour
 29077 | Swamp:2  | Got the Vellum of Clay and Bolts
 29088 | Swamp:2  | Learned a level 9 spell: Shatter
 29122 | Swamp:2  | Reached skill level 13 in Earth Magic
 29648 | Swamp:3  | Noticed Louise
 29650 | Swamp:3  | Noticed Donald
 29665 | Swamp:3  | Killed Donald
 29671 | Swamp:3  | Killed Louise
 29947 | Swamp:3  | Acquired the +1 pair of gloves "Qyusmum" {rN+ Str+4}
 30007 | Swamp:3  | Noticed Jorgrun
 30022 | Swamp:3  | Killed Jorgrun
 30024 | Swamp:3  | Reached skill level 14 in Earth Magic
 30548 | Swamp:4  | Entered Level 4 of the Swamp
 30592 | Swamp:4  | Reached skill level 1 in Conjurations
 31168 | Swamp:4  | Identified the +1 scale mail "Vetuliaf" {Str+6 Int+3}
 31200 | Swamp:4  | Reached skill level 15 in Earth Magic
 31244 | Swamp:4  | Got a decaying rune of Zot
 31270 | Swamp:4  | Reached XP level 19. HP: 84/156 MP: 31/31
 31599 | Swamp:4  | Paralysed by a hornet for 1 turns
 31963 | Vaults:1 | Entered Level 1 of the Vaults
 32477 | Vaults:1 | Reached skill level 5 in Conjurations
 32767 | Vaults:1 | Reached skill level 16 in Earth Magic
 32767 | Vaults:1 | Reached XP level 20. HP: 164/164 MP: 32/32
 32775 | Vaults:1 | Learned a level 6 spell: Bombard
 32793 | Vaults:1 | Found a huge runed translucent gate.
 32793 | Vaults:1 | Found a huge runed translucent gate.
 32793 | Vaults:1 | Found a huge runed translucent gate.
 32794 | Vaults:1 | Found a huge runed translucent gate.
 32795 | Vaults:1 | Found a huge runed translucent gate.
 32795 | Vaults:1 | Found a huge runed translucent gate.
 32796 | Vaults:1 | Found a huge runed translucent gate.
 32796 | Vaults:1 | Found a huge runed translucent gate.
 32797 | Vaults:1 | Found a huge runed translucent gate.
 32797 | Vaults:1 | Found a huge runed translucent gate.
 32797 | Vaults:1 | Found a huge runed translucent gate.
 32797 | Vaults:1 | Found a huge runed translucent gate.
 32797 | Vaults:1 | Found a huge runed translucent gate.
 32798 | Vaults:1 | Found a huge runed translucent gate.
 32800 | Vaults:1 | Found a huge runed translucent gate.
 32800 | Vaults:1 | Found a huge runed translucent gate.
 32804 | Vaults:1 | Found a huge runed translucent gate.
 32805 | Vaults:1 | Found a huge runed translucent gate.
 32806 | Vaults:1 | Found a huge runed translucent gate.
 32806 | Vaults:1 | Found a huge runed translucent gate.
 32806 | Vaults:1 | Found a huge runed translucent gate.
 32808 | Vaults:1 | Found a huge runed translucent gate.
 32809 | Vaults:1 | Found a huge runed translucent gate.
 32810 | Vaults:1 | Found a huge runed translucent gate.
 32810 | Vaults:1 | Found a huge runed translucent gate.
 32815 | Vaults:1 | Found a huge runed translucent gate.
 32816 | Vaults:1 | Found a huge runed translucent gate.
 32816 | Vaults:1 | Found a huge runed translucent gate.
 32816 | Vaults:1 | Found a huge runed translucent gate.
 32816 | Vaults:1 | Found a huge runed translucent gate.
 32818 | Vaults:1 | Found a huge runed translucent gate.
 32819 | Vaults:1 | Found a huge runed translucent gate.
 32820 | Vaults:1 | Found a huge runed translucent gate.
 32820 | Vaults:1 | Found a huge runed translucent gate.
 32825 | Vaults:1 | Found a huge runed translucent gate.
 32825 | Vaults:1 | Found a huge runed translucent gate.
 32837 | Vaults:1 | Identified the ring "Zafafipt" {rC+ rN+ Dex+2}
 33147 | Vaults:1 | Gained mutation: You do not regenerate when monsters are
                  | visible. [potion of mutation]
 33148 | Vaults:1 | Lost mutation: You do not regenerate when monsters are
                  | visible. [potion of mutation]
 33148 | Vaults:1 | Gained mutation: You have an increased reservoir of magic.
                  | (+10% MP) [potion of mutation]
 33903 | Elf:1    | Entered Level 1 of the Elven Halls
 34137 | Elf:1    | Got the Vademecum on Displaced Conduction
 34171 | Elf:1    | Reached skill level 17 in Earth Magic
 34577 | Elf:1    | Paralysed by an air elemental for 1 turns
 34942 | Elf:2    | Paralysed by an air elemental for 1 turns
 35604 | Elf:2    | Found a runed translucent gate.
 35605 | Elf:2    | Found a runed translucent gate.
 35605 | Elf:2    | Found a runed translucent gate.
 35685 | Elf:2    | Reached skill level 18 in Earth Magic
 36157 | Elf:2    | Reached XP level 21. HP: 155/171 MP: 25/37
 36503 | Elf:3    | Entered Level 3 of the Elven Halls
 36514 | Elf:3    | Found Immaf's Weapon Shop.
 36629 | Elf:3    | Reached skill level 19 in Earth Magic
 36904 | Elf:3    | Identified the +0 plate armour of Xigox {Int+4}
 36995 | Elf:3    | Got the Incunable of Hadjma
 37630 | Elf:3    | Reached skill level 20 in Earth Magic
 37682 | Elf:3    | Identified the ring "Lentiuno" {Ice rPois Str+3}
 37693 | Elf:3    | Identified the +8 orcbow "Yrekhlao" {antimagic, Fly rC+
                  | Will+}
 38226 | Elf:3    | Identified the ring "Xuevo" {rC+ rCorr Str-4 Dex-3 SInv}
 38376 | Elf:3    | Got the Meditations on Tragic Combustion
 38417 | Elf:3    | Identified the +6 spear of Mycsec {elec, Str-4 Int+5 Dex+4}
 38419 | Elf:3    | Identified the +6 sling of Abbippe {flame, +Blink rC+}
 38632 | Orc:2    | Upgraded the game from 0.32-a0-612-g1c984fe9d1 to
                  | 0.32-a0-614-gd166fa89d2
 38788 | Depths:1 | Entered Level 1 of the Depths
 38800 | Depths:1 | Identified the +4 robe of Mumblety Peg {rElec rPois Str+5
                  | Archmagi}
 38800 | Depths:1 | Noticed Boris
 38815 | Depths:1 | Killed Boris
 38816 | Depths:1 | Reached skill level 21 in Earth Magic
 39013 | Depths:1 | Found Diuhenull's Armour Emporium.
 39013 | Depths:1 | Found Vuecu's Assorted Antiques.
 39040 | Depths:1 | Bought a faintly humming cloak for 370 gold pieces
 39040 | Depths:1 | Identified the +0 cloak of Watchfulness {^Contam rPois
                  | Str+4} (You bought it in a shop on level 1 of the Depths)
 40157 | Vaults:2 | Reached skill level 22 in Earth Magic
 40308 | Vaults:2 | Reached skill level 10 in Spellcasting
 40581 | Vaults:2 | Reached XP level 22. HP: 167/178 MP: 39/39
 40616 | Vaults:2 | Found Galuom's Jewellery Emporium.
 40852 | Vaults:2 | Found a staircase to the Crypt.
 40852 | Vaults:2 | Found a basalt altar of Yredelemnul.
 40852 | Vaults:2 | Found an ancient bone altar of Kikubaaqudgha.
 41296 | Vaults:3 | Found Rulof's Antique Armour Shoppe.
 41299 | Vaults:3 | Bought the +3 warlock's mirror {omnireflect} for 1560 gold
                  | pieces
 41299 | Vaults:3 | Found the +3 warlock's mirror {omnireflect}
 41588 | Vaults:3 | Reached skill level 1 in Dodging
 41962 | Vaults:3 | Found a runed translucent gate.
 41962 | Vaults:3 | Found a runed translucent gate.
 41963 | Vaults:3 | Found a runed translucent gate.
 42001 | Vaults:3 | Found a glowing golden altar of the Shining One.
 42198 | Vaults:3 | Identified the orb "Vajoty" {light, -Cast Rampage Regen+
                  | Dex+4}
 42198 | Vaults:3 | Noticed Frederick
 42587 | Vaults:3 | Killed Frederick
 42859 | Vaults:3 | Reached skill level 23 in Earth Magic
 43121 | Depths:1 | Found a one-way gate leading to the halls of Pandemonium.
 43522 | Depths:1 | Found an ancient bone altar of Kikubaaqudgha.
 43864 | Depths:1 | Found a gateway to Hell.
 44515 | Depths:2 | Found Buybetio's Distillery.
 44521 | Depths:2 | Found Onuuhodo's Magic Scroll Boutique.
 44984 | Depths:2 | Found a shimmering altar of Xom.
 45808 | Depths:2 | Upgraded the game from 0.32-a0-614-gd166fa89d2 to
                  | 0.32-a0-640-gc5db3fc80f
 45827 | Depths:3 | Found Pifuemum's Distillery.
 45839 | Depths:3 | Bought a potion of curing for 36 gold pieces
 45839 | Depths:3 | Bought a potion of heal wounds for 60 gold pieces
 45839 | Depths:3 | Bought a potion of cancellation for 96 gold pieces
 45856 | Depths:3 | Found a one-way gate to the infinite horrors of the Abyss.
 46067 | Depths:3 | Found Xiwy's Book Emporium.
 46087 | Depths:3 | Learned a level 8 spell: Lehudib's Crystal Spear
 46331 | Depths:3 | Identified the +2 robe of Beogh's Whim {Int+3 Slay+3 SInv}
 46331 | Depths:3 | Noticed Boris
 46340 | Depths:3 | Killed Boris
 46459 | Depths:3 | Found a runed translucent door.
 46610 | Depths:3 | Found Yrrue's Antique Weapon Emporium.
 46807 | Depths:3 | Identified the ring of Traps {Ice *Corrode rPois rN+}
 46807 | Depths:3 | Noticed Josephina
 46816 | Depths:3 | Killed Josephina
 46854 | Depths:3 | Reached XP level 23. HP: 167/183 MP: 12/43
 46984 | Depths:3 | Found Ylekah's Book Shop.
 46996 | Depths:3 | Bought Great Wizards, Vol. VII for 450 gold pieces
 47204 | Depths:3 | Found a runed translucent door.
 47568 | D:5      | Bought a manual of Translocations for 1040 gold pieces
 48002 | Vaults:4 | Found a flickering gateway to a bazaar.
 48028 | Bazaar   | Entered a bazaar
 48032 | Bazaar   | Found Fyaleih's Jewellery Boutique.
 48050 | Bazaar   | Found Edukycit's Antique Weapon Emporium.
 48067 | Bazaar   | Found Bichuph's Assorted Antiques.
 48082 | Bazaar   | Found Xeruc's Book Shoppe.
 48303 | Vaults:4 | Reached skill level 24 in Earth Magic
 49301 | Slime:1  | Entered Level 1 of the Pits of Slime
 49737 | Slime:5  | Entered Level 5 of the Pits of Slime
 50156 | Slime:5  | Noticed the Royal Jelly
 50169 | Slime:5  | Killed the Royal Jelly
 50181 | Slime:5  | Reached skill level 25 in Earth Magic
 50230 | Slime:5  | Got a slimy rune of Zot
 50268 | Slime:5  | Got Vumou's Papyrus of Blinking Frost
 50271 | Slime:5  | Identified the +8 short sword of Togge {flame, rN+ Str+3
                  | Int+2}
 50275 | Slime:5  | Got Sif Muna's Catalogue of the Dismal Blaze
 50276 | Slime:5  | Identified the +7 hand axe of Vengeance {drain, rElec rF+
                  | Str+3 Stlth+}
 50301 | Slime:5  | Identified the ring "Weirrau" {rElec rPois rN+ Dex-5
                  | Slay+3}
 50341 | Slime:5  | Identified the ring "Ybluseuly" {rPois MP+9 Dex+5}
 50366 | Slime:5  | Identified the +0 falchion of Yfuatsio {holy, Will+}
 50540 | Slime:5  | Paralysed by a formless jellyfish for 1 turns
 51706 | Depths:3 | Voluntarily entered the Abyss.
 51709 | Abyss:1  | Found a corrupted altar of Lugonu.
 51759 | Abyss:2  | Found a corrupted altar of Lugonu.
 52149 | Abyss:2  | Gained mutation: You are clumsy. (Dex -2) [a shining eye]
 52288 | Abyss:2  | Reached XP level 24. HP: 176/190 MP: 37/37
 52429 | Abyss:2  | Reached skill level 15 in Spellcasting
 52442 | Abyss:2  | Found a corrupted altar of Lugonu.
 52569 | Abyss:3  | Reached skill level 1 in Translocations
 52626 | Abyss:3  | Found a corrupted altar of Lugonu.
 52654 | Abyss:3  | Reached skill level 26 in Earth Magic
 52733 | Abyss:3  | Lost mutation: You have an increased reservoir of magic.
                  | (+10% MP) [potion of mutation]
 52733 | Abyss:3  | Lost mutation: You are clumsy. (Dex -2) [potion of
                  | mutation]
 52733 | Abyss:3  | Gained mutation: You are weak. (Str -2) [potion of
                  | mutation]
 52733 | Abyss:3  | Gained mutation: You have a somewhat thin skeletal
                  | structure. (Dex +2, Stealth+) [potion of mutation]
 52734 | Abyss:3  | Lost mutation: You are weak. (Str -2) [potion of mutation]
 52734 | Abyss:3  | Lost mutation: You have a somewhat thin skeletal structure.
                  | (Dex +2, Stealth+) [potion of mutation]
 52734 | Abyss:3  | Gained mutation: You are occasionally teleported next to
                  | monsters. [potion of mutation]
 52735 | Abyss:3  | Lost mutation: You are occasionally teleported next to
                  | monsters. [potion of mutation]
 52735 | Abyss:3  | Gained mutation: You are agile. (Dex +4, Str/Int -1)
                  | [potion of mutation]
 52735 | Abyss:3  | Gained mutation: You have hidden genetic potential. [potion
                  | of mutation]
 52735 | Abyss:3  | Lost mutation: You are agile. (Dex +4, Str/Int -1) [potion
                  | of mutation]
 52956 | Depths:3 | Escaped the Abyss
 53024 | Depths:3 | Voluntarily entered the Abyss.
 53090 | Abyss:3  | Learned a level 4 spell: Passage of Golubria
 53095 | Abyss:3  | Learned a level 4 spell: Manifold Assault
 53240 | Abyss:3  | Reached skill level 5 in Translocations
 53260 | Depths:3 | Escaped the Abyss
 53309 | Depths:3 | Voluntarily entered the Abyss.
 53441 | Depths:3 | Escaped the Abyss
 53511 | Depths:3 | Voluntarily entered the Abyss.
 53613 | Abyss:3  | Found a corrupted altar of Lugonu.
 53615 | Abyss:3  | Noticed a dread lich
 53621 | Abyss:3  | Killed a dread lich
 53642 | Abyss:3  | Found a corrupted altar of Lugonu.
 53712 | Depths:3 | Escaped the Abyss
 53785 | Depths:3 | Voluntarily entered the Abyss.
 53828 | Abyss:3  | Found a snail-covered altar of Cheibriados.
 53854 | Abyss:3  | Found a snail-covered altar of Cheibriados.
 54011 | Abyss:3  | Found a corrupted altar of Lugonu.
 54070 | Abyss:3  | Found a corrupted altar of Lugonu.
 54366 | Abyss:3  | Found a corrupted altar of Lugonu.
 54483 | Abyss:3  | Reached skill level 5 in Dodging
 54485 | Abyss:3  | Reached XP level 25. HP: 96/156 MP: 34/34
 54585 | Abyss:3  | Reached skill level 10 in Translocations
 54661 | Abyss:3  | Got an abyssal rune of Zot
 54727 | Abyss:3  | Paralysed by accursed screaming for 1 turns
 54790 | Abyss:3  | Paralysed by accursed screaming for 1 turns
 54881 | Depths:3 | Escaped the Abyss
 55294 | Vaults:5 | Entered Level 5 of the Vaults
 55343 | Vaults:5 | Identified the +2 short sword "Raistyn" {freeze, +Blink}
 55588 | Vaults:5 | Got a silver rune of Zot
 55966 | Vaults:5 | Found the +5 robe of Night {Dark Will+ SInv}
 55981 | Vaults:5 | Identified the +6 shortbow of Discretion {freeze, ^Drain
                  | Fly Str+3 Int+3}
 56172 | Vaults:5 | Reached XP level 26. HP: 199/208 MP: 44/44
 56220 | Vaults:5 | Identified the +3 plate armour "Zewid" {rF+ Regen+}
 56220 | Vaults:5 | Identified the ring of Okloicw {Ice Int+3}
 56222 | Vaults:5 | Reached skill level 10 in Necromancy
 56580 | Vaults:5 | Identified the +0 battleaxe of the Feeding Sybil {protect,
                  | rPois}
 56591 | Vaults:5 | Identified the dragon-blood talisman of Truth {Dex+3}
 57142 | Depths:3 | Reached skill level 10 in Conjurations
 57302 | Depths:3 | Gained mutation: You are partially covered in iridescent
                  | scales. (AC +2) [hidden potential]
 57420 | Depths:3 | Learned a level 5 spell: Lee's Rapid Deconstruction
 57485 | Depths:4 | Entered Level 4 of the Depths
 57499 | Depths:4 | Found a one-way gateway to a ziggurat.
 57693 | Depths:4 | Identified the +0 chain mail of the Earth {+Inv rPois
                  | Dex+3}
 57926 | Depths:4 | Identified the +5 chain mail "Cedeun" {Regen+}
 58473 | Depths:4 | Found a shimmering blue altar of Sif Muna.
 59111 | Depths:4 | Found a gate to the Realm of Zot.
 59269 | Depths:4 | Learned a level 8 spell: Ignition
 59270 | Zot:1    | Entered Level 1 of the Realm of Zot
 59479 | Pan      | Entered Pandemonium
 59498 | Pan      | Noticed Sishuw the pandemonium lord
 59511 | Pan      | Killed Sishuw the pandemonium lord
 60238 | Pan      | Got a demonic rune of Zot
 60240 | Pan      | Identified the +7 plate armour of Vampiric Thralls {rElec
                  | Str-2 Dex+3}
 61562 | Pan      | Entered the realm of Mnoleg.
 61614 | Pan      | Noticed Mnoleg
 61863 | Pan      | Reached XP level 27. HP: 214/214 MP: 36/45
 61884 | Pan      | Got a glowing rune of Zot
 61904 | Pan      | Killed Mnoleg
 61916 | Pan      | Gained mutation: You are frail. (-10% HP) [a cacodemon]
 61919 | Pan      | Gained mutation: You possess an exceptional clarity of
                  | mind. [a cacodemon]
 62258 | Pan      | Noticed Ijaef the pandemonium lord
 62348 | Pan      | Gained mutation: You are mostly covered in iridescent
                  | scales. (AC +4) [hidden potential]
 62348 | Pan      | Lost mutation: You have hidden genetic potential. [hidden
                  | potential expressed]
 62697 | Pan      | Noticed Net Agino the pandemonium lord
 62788 | Pan      | Found an exit through the horrors of the Abyss.
 62872 | Pan      | Noticed Tenkea the pandemonium lord
 62876 | Pan      | Killed Tenkea the pandemonium lord
 62995 | Pan      | Gained mutation: You expend magic power (3 MP) to
                  | strengthen your wands. [a cacodemon]
 63863 | Pan      | Took an exit into the Abyss.
 63863 | Abyss:3  | Escaped into the Abyss
 64048 | Abyss:3  | Found a corrupted altar of Lugonu.
 64089 | Depths:1 | Escaped the Abyss
 64150 | Hell     | Entered the Vestibule of Hell
 64150 | Hell     | Noticed Geryon
 64152 | Hell     | Reached skill level 27 in Earth Magic
 64329 | Hell     | Killed Geryon
 64499 | Hell     | Reached skill level 1 in Fire Magic
 64957 | Hell     | Found a gateway to the ashen valley of Gehenna.
 65097 | Hell     | Found a gateway to the decaying netherworld of Tartarus.
 65370 | Hell     | Found a gateway to the freezing wastes of Cocytus.
 65617 | Hell     | Found a gateway to the Iron City of Dis.
 65831 | Hell     | Upgraded the game from 0.32-a0-640-gc5db3fc80f to
                  | 0.32-a0-656-g3542139ebd
 66283 | Crypt:1  | Entered Level 1 of the Crypt
 66361 | Crypt:1  | Reached skill level 1 in Shapeshifting
 66853 | Crypt:1  | Reached skill level 5 in Shapeshifting
 67460 | Crypt:2  | Found a huge runed translucent gate.
 67460 | Crypt:2  | Found a huge runed translucent gate.
 67462 | Crypt:2  | Found a huge runed translucent gate.
 67462 | Crypt:2  | Found a huge runed translucent gate.
 67462 | Crypt:2  | Found a huge runed translucent gate.
 67477 | Crypt:2  | Found a huge runed translucent gate.
 67477 | Crypt:2  | Found a huge runed translucent gate.
 67477 | Crypt:2  | Found a huge runed translucent gate.
 67479 | Crypt:2  | Found a huge runed translucent gate.
 67516 | Crypt:2  | Noticed Sojobo
 67525 | Crypt:2  | Killed Sojobo
 67975 | Crypt:2  | Identified the +11 rapier "Buzuewef" {pain, Int+2}
 68462 | Crypt:2  | Identified the orb of Entitlement {*channel, rElec Str+6
                  | Int+3}
 68667 | Crypt:3  | Entered Level 3 of the Crypt
 68864 | Crypt:3  | Found an ancient bone altar of Kikubaaqudgha.
 69037 | Crypt:3  | Reached skill level 10 in Shapeshifting
 69062 | Crypt:3  | Identified the staff "Impbane" {Fly rPois Earth Alchemy}
 69098 | Crypt:3  | Found the +1 cloak of Starlight {*Dazzle EV+4 Stlth--}
 69124 | Crypt:3  | Noticed an ancient lich
 69127 | Crypt:3  | Killed an ancient lich
 69524 | Crypt:3  | Identified the amulet of Due Proportion {Will+ RegenMP+
                  | Dex+3}
 69647 | Crypt:3  | Identified the +5 hand cannon "Ogigyv" {flame, Str+2}
 69693 | Crypt:3  | Found a staircase to the Tomb.
 69727 | Crypt:3  | Identified the ring "Yhusch" {Fire rPois rN++ Str+4 Int-2}
 69727 | Crypt:3  | Identified the ring "Otrewutu" {Wiz rC- rN++ Str+3 Stlth+}
 70178 | Depths:3 | Voluntarily entered the Abyss.
 70178 | Abyss:3  | Found a corrupted altar of Lugonu.
 70607 | Abyss:3  | Found a corrupted altar of Lugonu.
 70685 | Depths:3 | Escaped the Abyss
 70827 | Depths:3 | Voluntarily entered the Abyss.
 71043 | Abyss:5  | Found a corrupted altar of Lugonu.
 71128 | Depths:3 | Escaped the Abyss
 71232 | Depths:3 | Voluntarily entered the Abyss.
 71275 | Abyss:5  | Found a corrupted altar of Lugonu.
 71366 | Abyss:5  | Found a corrupted altar of Lugonu.
 71539 | Abyss:5  | Gained mutation: You are dopey. (Int -2) [a neqoxec]
 71576 | Abyss:5  | Reached skill level 15 in Shapeshifting
 71599 | Abyss:6  | Found a corrupted altar of Lugonu.
 71600 | Abyss:7  | Entered Level 7 of the Abyss
 71634 | Abyss:7  | HP: 9/191 [daeva/divine providence (14)]
 71634 | Abyss:7  | Gained mutation: You are very dopey. (Int -4) [a neqoxec]
 71657 | Abyss:7  | Lost mutation: You are very dopey. (Int -4) [potion of
                  | mutation]
 71657 | Abyss:7  | Lost mutation: You are frail. (-10% HP) [potion of
                  | mutation]
 71657 | Abyss:7  | Lost mutation: You expend magic power (3 MP) to strengthen
                  | your wands. [potion of mutation]
 71657 | Abyss:7  | Lost mutation: You possess an exceptional clarity of mind.
                  | [potion of mutation]
 71657 | Abyss:7  | Gained mutation: Your flesh is cold resistant. (rC+)
                  | [potion of mutation]
 71657 | Abyss:7  | Gained mutation: You are completely covered in iridescent
                  | scales. (AC +6) [potion of mutation]
 71698 | Abyss:7  | Noticed an ancient lich
 71711 | Abyss:7  | Killed an ancient lich
 71720 | Depths:3 | Escaped the Abyss
 74898 | Zot:2    | Noticed a dread lich
 74901 | Zot:2    | Killed a dread lich
 76240 | Zot:3    | Noticed a dread lich
 76261 | Zot:3    | Killed a dread lich
 76323 | Zot:3    | Noticed Utaosmarr's ghost (legendary GrFi)
 76632 | Zot:3    | Noticed Cyqimiab's ghost (legendary MfGl)
 76759 | Zot:2    | Killed Cyqimiab's ghost
 77313 | Zot:3    | Killed Utaosmarr's ghost
 77484 | Zot:3    | Noticed wilo's ghost (master MfBe)
 77743 | Zot:3    | Killed wilo's ghost
 78043 | Zot:3    | Found a transporter.
 78105 | Zot:3    | Found a transporter.
 78927 | Zot:4    | Identified the ring "Ciugos" {Will+ rCorr Dex+2}
 79235 | Zot:4    | Noticed an orb of fire
 79242 | Zot:4    | Gained mutation: You sometimes lose your temper in combat.
                  | [an orb of fire]
 79242 | Zot:4    | Killed an orb of fire
 80143 | Depths:3 | Bought a potion of heal wounds for 60 gold pieces
 80143 | Depths:3 | Bought a potion of magic for 96 gold pieces
 80194 | Depths:2 | Bought a potion of curing for 39 gold pieces
 80194 | Depths:2 | Bought a potion of curing for 39 gold pieces
 80194 | Depths:2 | Bought a potion of curing for 39 gold pieces
 80194 | Depths:2 | Bought a potion of haste for 130 gold pieces
 80194 | Depths:2 | Bought a potion of haste for 130 gold pieces
 80194 | Depths:2 | Bought 2 potions of curing for 78 gold pieces
 80264 | Pan      | Entered the realm of Gloorx Vloq.
 80264 | Pan      | Entered Pandemonium
 80376 | Pan      | Lost mutation: Your flesh is cold resistant. (rC+) [potion
                  | of mutation]
 80376 | Pan      | Lost mutation: You are dopey. (Int -2) [potion of mutation]
 80376 | Pan      | Lost mutation: You sometimes lose your temper in combat.
                  | [potion of mutation]
 80376 | Pan      | Gained mutation: You are agile. (Dex +4, Str/Int -1)
                  | [potion of mutation]
 80376 | Pan      | Gained mutation: You occasionally lose the ability to read
                  | scrolls when taking damage. [potion of mutation]
 80376 | Pan      | Gained mutation: You possess an exceptional clarity of
                  | mind. [potion of mutation]
 80491 | Pan      | Noticed Gloorx Vloq
 80499 | Pan      | Killed Gloorx Vloq
 80611 | Pan      | Got a dark rune of Zot
 81618 | Pan      | Identified the +6 tower shield of Defiance {rF+ rC+}
 82298 | Pan      | Found a glowing silver altar of Zin.
 82792 | Pan      | Reached skill level 15 in Armour
 82856 | Pan      | Reached skill level 5 in Fire Magic
 83153 | Pan      | Identified the +4 broad axe "Aschi" {venom, Fly Stlth+}
 83347 | Pan      | Identified the +7 trident of the Glamorous God {freeze,
                  | ^Fragile Dex+6}
 83348 | Pan      | Noticed a seraph
 83359 | Pan      | Killed a seraph
 83361 | Pan      | Reached skill level 10 in Dodging
 83502 | Pan      | Found a glowing golden altar of the Shining One.
 83518 | Pan      | Identified the +10 arbalest of Iqellos {drain, rPois rC-
                  | Str+2}
 83991 | Pan      | HP: 3/216 [angel/+2 sacred scourge of holy wrath (20)]
 83995 | Pan      | Mangled by an apis

Illustrated notes

Levels and vault maps discovered:
D:1:      dreamdust_arrival_beginning_and_end, layout_basic
D:2:      layout_loops_cross, serial_shops, shop,
          chequers_ecumenical_altar_island, basic_altar, minivault_26,
          uniq_crazy_yiuf_cottage
D:3:      layout_loops_ring, general_overflow_altar,
          mainiacjoe_overflow_big_doors, supply_closet_lemuel, uniq_terence
D:4:      layout_loops_ring, mainiacjoe_overflow_catwalk_spiral, serial_shops,
          shop, minmay_misc_feat_iff, uniq_menkaure
D:5:      layout_basic, serial_corexii_hall, corexii_hall_statues_x,
          corexii_hall_statues_l, nicolae_shop_self_help
D:6:      minmay_angry_zag, layout_loops_ring, mainiacjoe_overflow_paths,
          ebering_ghost_sewer_d
D:7:      layout_loops_ring, temple_fountains, skrybe_limestone_x, uniq_jeremiah
D:8:      layout_rooms, erik_lair_island, uniq_psyche, uniq_erica
D:9:      layout_irregular_city, due_unseen_surprise, uniq_grum
D:10:     cheibrodos_barr_body, layout_irregular_city,
          nicolae_qazlal_general_emergency, gammafunk_ghost_berserking_beasts
D:11:     layout_irregular_city
D:12:     layout_big_octagon, david_orc_1_choice, serial_co_window_serial,
          co_window_paths_b, co_window_paths_b, co_window_paths_a,
          co_window_paths_a, co_window_corner_a, co_window_corner_a,
          co_window_paths_b, co_window_corner_a, co_window_corner_a,
          co_window_corner_ca, co_window_corner_cb, co_window_corner_ca,
          co_window_paths_c, slow_altar_2
D:13:     layout_loops_cross
D:14:     layout_loops_ring, lightli_vaults_fourway_checkpoint,
          chequers_serial_rivers_micro_c, minivault_11, kennysheep_small_square
D:15:     grunt_enter_depths_giant_problem, layout_layer_cave, fedhas_altar_3,
          hellmonk_talismancer
Lair:1:   layout_loops_ring
Lair:2:   layout_cellular_growth, dummy_spider_entry, serial_bayou_shore_a
Lair:3:   statuecave_lemuel, layout_small_grid, minmay_swamp_entry_swarm,
          grunt_megastairs_4, lemuel_fruit_tree, infiniplex_staircase_pool,
          uniq_gastronok, uniq_nergalle
Lair:4:   layout_concentric_octagons, nicolae_lair_run_with_the_wolves,
          uniq_nessos
Lair:5:   wormcave, layout_cave_pods, hangedman_lair_tendril_chambers,
          nicolae_slime_entry_field_trip, hellmonk_ghost_happy_afterlife,
          kilobyte_rumbling_trees
Swamp:1:  layout_falls_marsh, evilmike_swamp_ruin_house_2
Swamp:2:  layout_falls_marsh, evilmike_swamp_ruin_house_4,
          nicolae_swamp_long_stream
Swamp:3:  layout_basic_swamp, evilmike_swamp_ruin_house_3, swamp_pool_1_2,
          nicolae_swamp_fairy_circle, grunt_witch_cave,
          infiniplex_staircase_pool_2, uniq_donald, uniq_jorgrun, uniq_louise
Swamp:4:  swamp_alternative, layout_basic_swamp
Spider:1: layout_spider_delve, nicolae_looking_at_the_future
Spider:2: layout_spider_delve, nicolae_spider_orb_run
Spider:3: layout_spider_delve, uniq_asterion, uniq_aizul, uniq_roxanne
Spider:4: hellmonk_spider_rune_bug_friends
Slime:1:  layout_caves
Slime:2:  layout_caves, nicolae_slime_crime_time
Slime:3:  layout_caves, uniq_dissolution
Slime:4:  layout_caves, nicolae_slime_welcoming_committee
Slime:5:  slime_pit_nicolae_block_by_block
Orc:1:    layout_caves, basic_altar
Orc:2:    grunt_orc_community_town_hall, layout_caves,
          grunt_orc_community_big_house_1, grunt_orc_community_big_house_2,
          grunt_orc_community_house_3, grunt_orc_community_house_2,
          grunt_orc_community_house_2, grunt_orc_community_house_1,
          grunt_orc_community_house_2, nicolae_shop_firing_range
Elf:1:    layout_geoelf_grid, nicolae_elf_shapeshifter_party,
          lemuel_upstairs_altar
Elf:2:    nicolae_elf_blades_crystal_corner, layout_onion_city,
          nicolae_concentric_dashed_squares_wild
Elf:3:    minmay_elf_hall_spiked, layout_loops_corners, serial_shops,
          nicolae_shop_bloodbath_and_beyond, minmay_elf_annihilation
Vaults:1: v_misc_11, nicolae_vaults_shelves_hall, hangedman_vaults_impose,
          hangedman_vaults_cutoff, hangedman_vaults_stagger, v_misc_11,
          v_misc_23, door_vault, nicolae_vaults_turnstiles,
          nicolae_vaults_shelves_hall, layout_vaults_big_cross
Vaults:2: v_misc_3, grunt_vaults_swirl, nicolae_vaults_quartermaster,
          nicolae_vaults_house_3, minmay_crypt_entry_necro_gods,
          v_alt_pattern_6, nicolae_vaults_more_shelving_1, hangedman_vaults_hat,
          nicolae_vaults_bisected_slash, nicolae_vaults_surprise_closet,
          layout_vaults_quadrants, serial_shops, nicolae_shop_tiny_waterfront
Vaults:3: nicolae_vaults_inception_statues, nicolae_vaults_triangles,
          abrahamwl_protected_by_tso_3, nicolae_vaults_oval_intersection,
          v_misc_22, nicolae_vaults_gold_heap, layout_vaults_chaotic_city,
          serial_shops, nicolae_shop_pleasant_corner_grove, uniq_frederick
Vaults:4: nicolae_vaults_tetromino_Z_2, v_pattern_2, vaults_room_pool,
          v_alt_pattern_4, nicolae_vaults_oval_intersection, vaults_room_fours,
          v_misc_11, layout_vaults_ring, serial_shops, bzr_in_the_mist
Vaults:5
Crypt:1:  layout_regular_city, grunt_ministairs_8, palyth_stone_intersect,
          grunt_crypt_arrival_split
Crypt:2:  cheibrodos_crypt_3hun_7po, layout_chaotic_city, grunt_megastairs_5,
          uniq_sojobo
Crypt:3:  grunt_crypt_end_deaths_head
Depths:1: cheibrodos_tormentor_scu, layout_basic, pan_entry,
          kiku_gazebo_pond_becter, grunt_mini_vestibule,
          chequers_hall_statues_wall_a, hangedman_stitches_earthworm,
          minmay_shoptagon, uniq_boris
Depths:2: dreamdust_experimentation, layout_basic, hangedman_tar_grid_catacomb,
          regret_index_xom_buried_treasure, rand_demon_pan_entry_7,
          horrible_house_mu, minmay_shop_star
Depths:3: thingy_vault_2, layout_gridville, abyss_entry_small_statue_room,
          pf_coc_iceberg, serial_shops, shop, nicolae_square_shop, shop,
          nicolae_shop_advertising_works [nicolae_subvault_shop_adworks],
          pan_entry, hangedman_decor_riveting, dreamdust_wasp_nest,
          uniq_josephina
Depths:4: grunt_bruiser_brothers, layout_gridlike, enter_ziggurat_d,
          serial_library, serial_library_hellmonk_open_cross,
          serial_library_hellmonk_metal_room,
          serial_library_regret_index_headful,
          serial_library_regret_index_multi,
          serial_library_regret_index_branch_corner,
          serial_library_hellmonk_narrow_alcove,
          serial_library_hellmonk_filled_rooms,
          serial_library_hellmonk_big_corner, hell_entry
Hell
Zot:1:    layout_twisted_circle, regret_index_zotdec_twisting_globes
Zot:2:    layout_gridlike, bh_zot_levy_curve,
          regret_index_zotdec_serpentine_coiled, lemuel_lich_library
Zot:3:    layout_onion_interference, regret_index_zotdec_decaying_vile,
          nzn_ghost_randoct, regret_index_zotdec_onion_hex
Zot:4:    grunt_zot_stairs_mandelzot, layout_onion, grunt_megastairs_1
Pan:      lemuel_hellion_island, layout_onion_city, mnoleg_grunt_wretched_star,
          layout_grid_shapes, nicolae_pan_mnolegish_3, evilmike_mini_pan_corner,
          layout_gridville, grunt_pan_zigzag, layout_gridlike,
          nicolae_pan_cerebovesque_1, rand_demon_3, layout_gridlike,
          nicolae_pan_cerebovesque_3, reaverb_pan_chaos_star, gloorx_vloq_st,
          layout_small_grid, pan_blood_fountain_1, evilmike_holy_pan

Skill      XL: |  1  2  3  4  5  6  7  8  9 10 11 12 13 14 15 16 17 18 19 20 21 22 23 24 25 26 27 |
---------------+----------------------------------------------------------------------------------+-----
Axes           | 3 4 5 7 9 12 16 17 18 | 18.0
Shields        | 4 5 7 9 11 14 15 16 17 18 19 | 19.0
Fighting       | 4 5 6 7 9 10 12 15 16 18 | 18.7
Armour         | 6 8 9 10 12 13 14 15 | 15.8
Invocations    | 3 7 8 10 13 | 13.0
Evocations     | 6 9 11 | 11.0
Earth Magic    | 1 6 11 15 16 18 22 23 25 26 27 | 27.0
Necromancy     | 4 8 9 13 | 13.0
Spellcasting   | 2 6 8 9 10 12 14 16 17 18 19 | 19.0
Conjurations   | 3 6 9 12 | 12.8
Dodging        | 4 5 6 8 10 | 10.0
Translocations | 9 13 | 13.0
Fire Magic     | 7 |  7.7
Shapeshifting  | 23 | 23.0

Action                     |  1- 3 |  4- 6 |  7- 9 | 10-12 | 13-15 | 16-18 | 19-21 | 22-24 | 25-27 || total
---------------------------+-------+-------+-------+-------+-------+-------+-------+-------+-------++-------
  Melee: War axe           |   105 |    94 |   249 |   320 |       |       |       |       |       ||   768
         Broad axe         |       |       |       |   124 |   657 |  1109 |   850 |  1507 |  2440 ||  6687
         Staff             |       |       |       |       |       |       |       |     1 |   183 ||   184
  Throw: Dart              |     2 |     6 |    11 |    17 |     5 |    12 |     4 |       |     2 ||    59
         Throwing net      |       |       |       |       |       |       |     2 |       |       ||     2
   Cast: Borgnjor's Vile C |       |       |       |       |       |     3 |    58 |    84 |   155 ||   300
         Stone Arrow       |       |       |       |       |       |     2 |       |    18 |    21 ||    41
         Bombard           |       |       |       |       |       |       |     4 |    28 |    15 ||    47
         Animate Dead      |       |       |       |       |       |       |     6 |       |       ||     6
         Animate Armour    |       |       |       |       |       |       |     3 |       |       ||     3
         Shatter           |       |       |       |       |       |       |       |     6 |   246 ||   252
         Blink             |       |       |       |       |       |       |       |     5 |     4 ||     9
         Manifold Assault  |       |       |       |       |       |       |       |       |   165 ||   165
         Passage of Golubr |       |       |       |       |       |       |       |       |     6 ||     6
         Lehudib's Crystal |       |       |       |       |       |       |       |       |    68 ||    68
         Lee's Rapid Decon |       |       |       |       |       |       |       |       |    10 ||    10
 Invoke: Ancestor Identity |       |       |     1 |       |       |       |       |       |     2 ||     3
         Ancestor Life: He |       |       |     1 |       |       |       |       |       |       ||     1
         Transference      |       |       |       |       |     3 |     3 |       |       |     2 ||     8
         Recall Ancestor   |       |       |       |       |     1 |     7 |     4 |    18 |    43 ||    73
         Idealise          |       |       |       |       |     1 |     7 |       |     3 |    24 ||    35
  Evoke: Wand              |       |     5 |    20 |    35 |    15 |    74 |    37 |    22 |    35 ||   243
         Lightning rod     |       |       |       |       |       |       |     5 |     9 |     9 ||    23
         Condenser vane    |       |       |       |       |       |       |       |       |     4 ||     4
         Phantom mirror    |       |       |       |       |       |       |       |       |     2 ||     2
    Use: Scroll            |       |     4 |     5 |    21 |     9 |    16 |    11 |    16 |    33 ||   115
         Potion            |       |       |     2 |     3 |     8 |    21 |     6 |    17 |    67 ||   124
   Stab: Confused          |       |       |     3 |     4 |    13 |    13 |    34 |    66 |   101 ||   234
         Distracted        |       |       |       |     9 |    11 |    18 |     6 |    24 |    45 ||   113
         Petrified         |       |       |       |       |     9 |       |       |       |       ||     9
         Invisible         |       |       |       |       |     1 |     1 |     1 |     3 |       ||     6
         Petrifying        |       |       |       |       |     1 |       |       |       |       ||     1
         Paralysed         |       |       |       |       |    51 |   116 |    57 |    91 |   185 ||   500
         Betrayed ally     |       |       |       |       |       |       |     1 |       |       ||     1
         Held in net/web   |       |       |       |       |       |       |     1 |       |       ||     1
         Sleeping          |       |       |       |       |       |       |       |     1 |       ||     1
 Armour: Scale mail        |    91 |    59 |   198 |    62 |       |       |       |       |       ||   410
         Chain mail        |       |       |       |   237 |   369 |  1002 |   415 |       |       ||  2023
         Robe              |       |       |       |       |       |       |    92 |   759 |  1632 ||  2483
         Skin              |       |       |       |       |       |       |       |     6 |       ||     6
  Dodge: Dodged            |    45 |    32 |   100 |   111 |   134 |   248 |   138 |   397 |   865 ||  2070
  Block: Buckler           |    23 |    18 |    49 |    58 |       |       |       |   392 |   962 ||  1502
         Kite shield       |       |       |       |    41 |   320 |   794 |   383 |    35 |       ||  1573
         Reflection        |       |       |       |       |       |       |       |    40 |   107 ||   147

Table legend: (Time is in decaauts)
 A = Elapsed time spent in this place.
 B = Non-inter-level travel time spent in this place.
 C = Inter-level travel time spent in this place.
 D = Time resting spent in this place.
 E = Time spent auto-exploring this place.
 F = Levels seen in this place.
 G = Mean time per level.
                   A        B        C        D        E       F      G
               +--------+--------+--------+--------+--------+-----+--------+
         Total |  82708 |  74712 |   7996 |   9502 |  39690 |  78 | 1060.4 |
       Dungeon |  17650 |  14450 |   3200 |    864 |   9224 |  15 | 1176.7 |
          Lair |   5544 |   5018 |    526 |    176 |   3645 |   5 | 1108.8 |
         Swamp |   3659 |   3448 |    211 |    202 |   2222 |   4 |  914.8 |
   Spider Nest |   4923 |   4423 |    500 |    109 |   2912 |   4 | 1230.8 |
    Slime Pits |   1983 |   1937 |     46 |    315 |    731 |   5 |  396.6 |
  Orcish Mines |   1563 |   1328 |    235 |      0 |    754 |   2 |  781.5 |
   Elven Halls |   4612 |   4363 |    249 |    379 |   2214 |   3 | 1537.3 |
        Vaults |   8826 |   7657 |   1169 |    416 |   4172 |   5 | 1765.2 |
         Crypt |   3599 |   3445 |    154 |     92 |   2494 |   3 | 1199.7 |
        Depths |   9761 |   8301 |   1460 |   2409 |   4181 |   4 | 2440.2 |
          Hell |   1059 |   1039 |     20 |      0 |    837 |   1 | 1059.0 |
           Zot |   7516 |   7294 |    222 |   2560 |   3450 |   4 | 1879.0 |
         Abyss |   4078 |   4078 |      0 |    239 |     87 |  15 |  271.9 |
   Pandemonium |   7840 |   7840 |      0 |   1739 |   2764 |   7 | 1120.0 |
        Bazaar |     87 |     87 |      0 |      0 |      0 |   1 |   87.0 |
               +--------+--------+--------+--------+--------+-----+--------+

Top non-repeatable levels by time:
Vaults:1: 2969 daAuts
   Zot:2: 2939 daAuts
Depths:4: 2862 daAuts
 Abyss:3: 2661 daAuts
Depths:1: 2508 daAuts
Depths:3: 2484 daAuts
Depths:2: 1905 daAuts
   Elf:3: 1865 daAuts
Spider:3: 1829 daAuts
  Lair:5: 1805 daAuts
Vaults:3: 1803 daAuts
    D:15: 1758 daAuts
   Zot:1: 1692 daAuts
   Elf:2: 1680 daAuts
Vaults:2: 1576 daAuts
